 Dungeon Crawl Stone Soup version 0.26-a0-540-g8a0c946 (webtiles) character file.

602 Dawnplanks the Chopper (level 7, 52/62 HPs)
             Began as a Minotaur Berserker on Nov 25, 2018.
             Was a Priest of Trog.
             Quit the game on level 4 of the Dungeon on Aug 15, 2020.
             The game lasted 00:13:01 (3416 turns).

Dawnplanks the Chopper (Minotaur Berserker)         Turns: 3416, Time: 00:13:01

Health: 52/62      AC:  3    Str: 24    XL:     7   Next: 18%
Magic:  6/6        EV: 13    Int:  4    God:    Trog [***...]
Gold:   151        SH:  0    Dex:  9    Spells: 6/6 levels left

rFire    . . .     SeeInvis .   t - +2 hand axe (freeze)
rCold    . . .     Faith    .   (no shield)
rNeg     . . .     Spirit   .   j - +0 leather armour
rPois    .         Reflect  .   (helmet restricted)
rElec    .         Harm     .   (no cloak)
rCorr    .                      (no gloves)
MR       ++...                  (no boots)
Stlth    +.........             (no amulet)
HPRegen  1.20/turn              (no ring)
MPRegen  0.10/turn              (no ring)

@: berserk cooldown, regenerating, slowed, very slow
A: retaliatory headbutt, horns 2
a: Berserk, Trog's Hand, Renounce Religion


You were on level 4 of the Dungeon.
You worshipped Trog.
Trog was most pleased with you.
You visited 1 branch of the dungeon, and saw 4 of its levels.

You collected 151 gold pieces.

Inventory:

Hand Weapons
 t - a +2 hand axe of freezing (weapon)
Armour
 j - a +0 leather armour (worn)
Scrolls
 a - a scroll of random uselessness {unknown}
 f - a scroll of teleportation
 g - a scroll of fog {unknown}
 h - a scroll of magic mapping {unknown}
 k - 2 scrolls of remove curse
 l - a scroll of identify {unknown}
 p - a scroll of enchant armour {unknown}
 r - a scroll of amnesia {unknown}
Potions
 b - 2 potions of cancellation {unknown}
 d - 5 potions of heal wounds
 e - 4 potions of brilliance {unknown}
 i - a potion of might {unknown}
 m - a potion of flight {unknown}
 n - a potion of stabbing {unknown}
 o - a potion of haste {unknown}
 q - 2 potions of curing {unknown}
Comestibles
 c - 6 removed foods
 s - 2 removed foods


   Skills:
 + Level 5.9 Fighting
 + Level 7.5 Axes
 + Level 3.3 Armour
 + Level 4.1 Dodging


You had 6 spell levels left.
You didn't know any spells.
Your spell library was empty.

Dungeon Overview and Level Annotations

Branches:
Dungeon (4/15)
 Temple: D:4-7

Altars:
Elyvilon
Wu Jian


Innate Abilities, Weirdness & Mutations

You reflexively headbutt those who attack you in melee.
You have a pair of horns on your head.


Message History

Things that are here:
a +3 vorpal flail; a +2 scale mail of cold resistance; the human corpse of Edmund
Okay, then.
Unknown command.
Unknown command.
Unknown command.
Unknown command.
Unknown command.
Save game and exit?
Okay, then.
Unknown command.
You feel a strong urge to attack something.
Okay, then.
You feel your anger nearly subside.
You are no longer berserk.
You are exhausted.
You feel yourself slow down.
Unknown command.
Unknown command.
Unknown command.
Are you sure you want to abandon this character and quit the game? (Confirm with "yes".)

##########
.>.......########
####.###@........
#. #.########
#.###.# #.....#
###.### #.# #.#
##'## #. ##...##


There were no monsters in sight!

Vanquished Creatures
  Edmund (D:4)
  The ghost of everene the Charmwright, an amateur DsSk (D:3)
  An orc priest (D:4)
  A hound (D:4)
  A bullfrog skeleton (D:4)
  3 orc wizards (D:4)
  A worker ant (D:4)
  Robin (D:3)
  4 gnolls (D:2)
  8 adders
  2 worms
  3 leopard geckos
  8 orcs
  7 bats
  3 giant cockroaches
  13 goblins
  8 hobgoblins
  9 jackals
  5 kobolds
  3 quokkas
  A ball python (D:1)
  4 frilled lizards
  4 rats
92 creatures vanquished.

Vanquished Creatures (others)
  A quokka (D:4)
1 creature vanquished.

Grand Total: 93 creatures vanquished

Notes
Turn   | Place    | Note
-------+----------+-------------------------------------------
     0 | D:1      | Dawnplanks the Minotaur Berserker began the quest for the
                  | Orb.
     0 | D:1      | Reached XP level 1. HP: 19/19 MP: 0/0
   564 | D:1      | Reached XP level 2. HP: 27/27 MP: 1/1
   938 | D:2      | Reached skill level 4 in Axes
   947 | D:2      | Reached XP level 3. HP: 33/33 MP: 2/2
  1017 | D:2      | Reached XP level 4. HP: 26/41 MP: 3/3
  1223 | D:2      | Found an ornate altar of the Wu Jian Council.
  1278 | D:2      | Reached ** piety under Trog
  1364 | D:2      | Reached skill level 5 in Axes
  1957 | D:3      | Noticed Robin
  1963 | D:3      | Reached skill level 5 in Fighting
  1965 | D:3      | Reached XP level 5. HP: 48/48 MP: 4/4
  2015 | D:3      | Killed Robin
  2426 | D:3      | Found a runed door.
  2426 | D:3      | Noticed everene's ghost (amateur DsSk)
  2443 | D:3      | Killed everene's ghost
  2443 | D:3      | Reached skill level 6 in Axes
  2443 | D:3      | Reached XP level 6. HP: 49/56 MP: 5/5
  3098 | D:4      | Reached *** piety under Trog
  3197 | D:4      | Found a white marble altar of Elyvilon.
  3272 | D:4      | Reached skill level 7 in Axes
  3276 | D:4      | Upgraded the game from 0.23-a0-458-g93a6ea9 to
                  | 0.24-a0-525-g9231cdc
  3295 | D:4      | Upgraded the game from 0.24-a0-525-g9231cdc to
                  | 0.26-a0-540-g8a0c946
  3401 | D:4      | Noticed Edmund
  3411 | D:4      | Killed Edmund
  3411 | D:4      | Reached XP level 7. HP: 62/62 MP: 6/6
  3416 | D:4      | Quit the game

Illustrated notes

Levels and vault maps discovered:
D:1:      lightli_arrival_lavapool
D:2:      lemuel_crystal_altar
D:3:      first_ration, gammafunk_ghost_grave, minmay_box_of_dots, uniq_robin
D:4:      elyvilon_altar_4, minmay_misc_feat_square, minmay_misc_feat_enclosed,
          hex_large, uniq_edmund

Skill      XL: |  1  2  3  4  5  6 |
---------------+-------------------+-----
Axes           | 4 5 6 7 |  7.5
Fighting       | 4 5 |  5.9
Dodging        | 3 4 |  4.1
Armour         | 3 |  3.3

Action                   |  1- 3 |  4- 6 |  7- 9 || total
-------------------------+-------+-------+-------++-------
Melee: Hand axe          |    45 |   114 |       ||   159
       Headbutt          |     4 |    20 |       ||    24
Invok: Berserk           |     3 |     8 |       ||    11
       Trog's Hand       |       |     3 |       ||     3
  Use: Scroll            |       |     2 |       ||     2
 Stab: Sleeping          |       |     1 |       ||     1
  Eat: Removed food      |     2 |    13 |       ||    15
       Removed food      |       |     1 |       ||     1
Armor: Animal skin       |     4 |    15 |       ||    19
       Leather armour    |       |     5 |       ||     5
Dodge: Dodged            |    16 |    71 |       ||    87

Table legend: (Time is in decaauts)
 A = Elapsed time spent in this place.
 B = Non-inter-level travel time spent in this place.
 C = Inter-level travel time spent in this place.
 D = Time resting spent in this place.
 E = Time spent auto-exploring this place.
 F = Levels seen in this place.
 G = Mean time per level.
                   A        B        C        D        E       F      G
               +--------+--------+--------+--------+--------+-----+--------+
         Total |   3511 |   3456 |     55 |   1191 |   1813 |   4 |  877.8 |
       Dungeon |   3511 |   3456 |     55 |   1191 |   1813 |   4 |  877.8 |
               +--------+--------+--------+--------+--------+-----+--------+

Top non-repeatable levels by time:
     D:4: 117 daAuts
Note: time per level data comes from an upgraded game and may be incomplete.
